 Dungeon Crawl Stone Soup version 0.28.0-53-g5a82cb258f (webtiles) character file.

Game seed: 765619233387082683

2 Zeld the Gusty (level 1, 0/10 HPs)
             Began as a Tengu Air Elementalist on May 21, 2022.
             Slain by a kobold
             ... wielding a +0 dagger
              (2 damage)
             ... on level 1 of the Dungeon.
             The game lasted 00:00:23 (54 turns).

Zeld the Gusty (Tengu Air Elementalist)               Turns: 54, Time: 00:00:24

Health: 0/10       AC:  2    Str:  8    XL:     1   Next: 40%
Magic:  2/4        EV: 12    Int: 15    God:
Gold:   0          SH:  0    Dex: 14    Spells: 3/4 levels left

rFire   . . .      SeeInvis .   (no weapon)
rCold   . . .      Faith    .   (no shield)
rNeg    . . .      Spirit   .   a - +0 robe
rPois   .          Reflect  .   (helmet restricted)
rElec   .          Harm     .   (no cloak)
rCorr   .          Rampage  .   (no gloves)
Will    .....                   (boots unavailable)
Stlth   ++........              (no amulet)
HPRegen 0.03/turn               (no ring)
MPRegen 0.09/turn               (no ring)

@: no status effects
A: beak, talons 3
a: no special abilities


You were on level 1 of the Dungeon.
You visited 1 branch of the dungeon, and saw 1 of its levels.

Inventory:

Armour
 a - a +0 robe (worn)
Scrolls
 b - a scroll of identify {unknown}


   Skills:
 - Level 2.1 Dodging
 - Level 2.0 Stealth
 * Level 2.0 Spellcasting
 + Level 1.5 Conjurations
 * Level 4.1 Air Magic


You had 3 spell levels left.
You knew the following spells:

 Your Spells              Type           Power      Damage    Failure   Level
a - Shock                 Conj/Air       40%        1d5       7%          1

Your spell library contained the following spells:

 Spells                   Type           Power      Damage    Failure   Level
 Static Discharge         Conj/Air       10%        N/A       11%         2
 Swiftness                Air            13%        N/A       12%         3
 Airstrike                Air            6%         N/A       38%         4


Dungeon Overview and Level Annotations

Branches:
Dungeon (1/15)

Altars:


Innate Abilities, Weirdness & Mutations

You have a beak for a mouth.
You have claws for feet.


Message History

The kobold throws a stone.
The stone barely misses you.
The kobold throws a stone.
The stone hits you. The bat closely misses you.
The bat hits you but does no damage. The bat barely misses you.
The bat misses you. The bat hits you but does no damage.
A kobold comes into view. It is wielding a +0 dagger.
The kobold shouts!
The bat barely misses you. The bat closely misses you.
The bat hits you but does no damage. x2; The kobold closely misses you.
The bat closely misses you. x2; The kobold closely misses you.
The bat hits you but does no damage. The kobold completely misses you.
The kobold hits you with a +0 dagger. The bat hits you but does no damage.
The bat hits you. The kobold hits you with a +0 dagger.
The kobold throws a stone.
The stone hits you.
Casting: Shock (safe; 7% risk of failure)
Confirm with . or Enter, or press ? or * to list all spells.
Aiming: Shock (safe; 7% risk of failure)
Press: ? - help, Shift-Dir - straight line, f/p - kobold
Aim: a kobold, wielding a +0 club and quivering stones (60% to hit)
The zap misses the kobold.
The zap hits the kobold.
The kobold is moderately wounded.
The zap hits the goblin.
You kill the goblin!
The bat hits you.
* * * LOW HITPOINT WARNING * * *
The kobold hits you with a +0 dagger.
* * * LOW HITPOINT WARNING * * *
Casting: Shock (safe; 7% risk of failure)
Confirm with . or Enter, or press ? or * to list all spells.
Aiming: Shock (safe; 7% risk of failure)
Press: ? - help, Shift-Dir - straight line, f/p - kobold
Aim: a kobold, wielding a +0 club and quivering stones (moderately wounded, 60% to hit)
The zap hits the kobold.
The kobold is severely wounded.
The zap hits the kobold.
You kill the kobold!
The bat hits you but does no damage. The kobold hits you with a +0 dagger.
You die...

#########
#.......#
#.......#
#.......#
#.......#
#.......#
#.......#
########.#@##
#........#K#
#.......##)#
#.....K.##.#
#.......##)##
#....(......######
#.............$...
#...).............
#.[........P.P....


You could see a kobold.

Vanquished Creatures
  2 goblins (D:1)
  A kobold (D:1)
3 creatures vanquished.

Notes
Turn   | Place    | Note
-------+----------+-------------------------------------------
     0 | D:1      | Zeld the Tengu Air Elementalist began the quest for the
                  | Orb.
     0 | D:1      | Reached XP level 1. HP: 10/10 MP: 4/4
    54 | D:1      | Slain by a kobold

Illustrated notes

Levels and vault maps discovered:
D:1:      eino_arrival_water_cross, layout_rooms,
          hangedman_abyss_or_decor_lesser_grid

Action                   || total
-------------------------++-------
 Cast: Shock             ||     6
Armor: Robe              ||     7
Dodge: Dodged            ||    12
